 Dungeon Crawl Stone Soup version 0.19-a0-1841-gf1e0166 (webtiles) character file.

256 Proteus the Covert (level 5, 0/25 HPs)
             Began as a Spriggan Assassin on Oct 9, 2016.
             Slain by a bat (1 damage)
             ... on level 3 of the Dungeon.
             The game lasted 00:06:27 (2238 turns).

Proteus the Covert (Spriggan Assassin)              Turns: 2238, Time: 00:06:27

Health: 0/25       AC:  2    Str:  7    XL:     5   Next: 92%
Magic:  6/6        EV: 17    Int: 13    God:
Gold:   108        SH:  2    Dex: 18    Spells: 0 memorised, 4 levels left

rFire  . . .     SeeInvis +     a - +2 dagger
rCold  . . .     Gourm    .     p - +0 robe
rNeg   . . .     Faith    .     (shield restricted)
rPois  .         Spirit   .     (helmet restricted)
rElec  .         Dismiss  .     (no cloak)
rCorr  .         Reflect  +     (gloves unavailable)
MR     .....     Harm     .     (boots unavailable)
Stlth  +++++.....               k - +2 amulet of reflection
                                (no ring)
                                (no ring)

@: very quick
A: unfitting armour, see invisible, herbivore 3, speed 3, slow metabolism 2
a: no special abilities


You were on level 3 of the Dungeon.
You were not hungry.

You visited 1 branch of the dungeon, and saw 3 of its levels.

You collected 108 gold pieces.

Inventory:

Hand Weapons
 a - a +2 dagger (weapon)
 b - a +0 blowgun
Missiles
 e - 6 poisoned needles
 f - a curare-tipped needle
Armour
 p - a +0 robe (worn)
Jewellery
 i - an uncursed ring of ice
 k - a +2 amulet of reflection (around neck)
Scrolls
 l - 2 scrolls of remove curse
 m - a scroll of fog
 n - a scroll of recharging
Potions
 h - 2 potions of ambrosia {unknown}
Comestibles
 g - 3 bread rations


   Skills:
 - Level 1.5 Fighting
 - Level 2.1 Short Blades
 - Level 2.0 Throwing
 - Level 1.5 Dodging
 + Level 10.8 Stealth


You had 4 spell levels left.
You didn't know any spells.

Dungeon Overview and Level Annotations

Branches:
Dungeon (3/15)

Altars:
Cheibriados


Innate Abilities, Weirdness & Mutations

You are very small and have problems with some larger weapons.
You are too small for most types of armour.
You have supernaturally acute eyesight. (SInv)
You are a herbivore.
You cover ground extremely quickly.
You need consume almost no food.


Message History

The bat closely misses you. The hobgoblin hits you with a club!
* * * LOW HITPOINT WARNING * * *
You are too injured to fight recklessly!
You are too injured to fight recklessly!
You are too injured to fight recklessly!
You are too injured to fight recklessly!
The hobgoblin closely misses you. The bat misses you.
The bat closely misses you. The bat hits you.
* * * LOW HITPOINT WARNING * * *
The bat hits you but does no damage. The bat misses you.
The bat hits you but does no damage. The bat completely misses you.
The bat hits you.
* * * LOW HITPOINT WARNING * * *
There is a stone staircase leading up here.
The bat hits you.
You die...

..........g#
....##$##..#
....#####.g#
...........#
.....#####.#######
...............
...............
.......b.......
.......@.......
#.#..%......... #
#.########### #) #


You could see a hobgoblin and a bat.

Vanquished Creatures
  Sigmund (D:2)
  4 adders (D:2)
  An ooze (D:2)
  2 worms (D:2)
  2 dart slugs
  2 leopard geckos
  A giant cockroach (D:2)
  6 goblins
  4 hobgoblins
  2 jackals (D:1)
  4 kobolds
  4 bats
  7 frilled lizards
  7 rats
47 creatures vanquished.

Notes
Turn   | Place    | Note
-------+----------+-------------------------------------------
     0 | D:1      | Proteus the Spriggan Assassin began the quest for the Orb.
     0 | D:1      | Reached XP level 1. HP: 10/10 MP: 2/2
    16 | D:1      | Reached skill level 6 in Stealth
   283 | D:1      | Reached XP level 2. HP: 14/14 MP: 3/3
   544 | D:1      | Reached skill level 7 in Stealth
  1131 | D:2      | Reached XP level 3. HP: 18/18 MP: 4/4
  1190 | D:2      | Reached skill level 8 in Stealth
  1198 | D:2      | Noticed Sigmund
  1206 | D:2      | Killed Sigmund
  1206 | D:2      | Reached skill level 10 in Stealth
  1206 | D:2      | Reached XP level 4. HP: 22/22 MP: 5/5
  1206 | D:2      | Reached XP level 5. HP: 25/25 MP: 6/6
  1329 | D:2      | Found a snail-covered altar of Cheibriados.
  2230 | D:3      | HP: 1/25 [bat (1)]
  2237 | D:3      | HP: 1/25 [bat (1)]
  2238 | D:3      | Slain by a bat

Vault maps used:
D:1:      ncdulo_lavacross
D:2:      first_bread, kennysheep_slug_shrine, uniq_sigmund
D:3:      minmay_misc_feat_alley, uniq_jessica

Skill      XL: |  1  2  3 |
---------------+----------+-----
Stealth        | 6 7 10 | 10.8
Fighting       | |  1.5
Short Blades   | |  2.1
Throwing       | |  2.0
Dodging        | |  1.5

Action                   |  1- 3 |  4- 6 || total
-------------------------+-------+-------++-------
Melee: Dagger            |    79 |    68 ||   147
 Fire: Blowgun           |       |    17 ||    17
  Use: Scroll            |       |     5 ||     5
 Stab: Sleeping          |    12 |     8 ||    20
Armor: Robe              |    12 |     4 ||    16
Dodge: Dodged            |    52 |    46 ||    98
Block: Other             |     5 |       ||     5
